 Dungeon Crawl Stone Soup version 0.20.1-1-g8b1a95d (webtiles) character file.

5 Ansu the Skirmisher (level 1, -2/16 HPs)
             Began as a Demonspawn Abyssal Knight on Sept 6, 2017.
             Was a Follower of Lugonu.
             Slain by an ufetubus (3 damage)
             ... summoned by a neqoxec
             ... on level 1 of the Abyss.
             The game lasted 00:01:17 (389 turns).

Ansu the Skirmisher (Demonspawn Abyssal Knight)      Turns: 389, Time: 00:01:17

Health: -2/16      AC:  1    Str: 12      XL:     1   Next: 66%
Magic:  2/2        EV: 11    Int:  9 (13) God:    Lugonu [*.....]
Gold:   0          SH:  0    Dex: 12      Spells: 0/0 levels left

rFire    . . .     SeeInvis .   a - +1 falchion
rCold    . . .     Gourm    .   (no shield)
rNeg     . . .     Faith    .   b - +0 leather armour
rPois    .         Spirit   .   (no helmet)
rElec    .         Reflect  .   (no cloak)
rCorr    .         Harm     .   (no gloves)
MR       .....     Rnd*Tele +   (no boots)
Stlth    +.........             (no amulet)
Regen    0.1/turn               (no ring)
MPRegen  0.1/turn               (no ring)

@: no status effects
A: deformed body, frail 1, teleportitis 2, no potion heal 1, MP-powered wands
a: Depart the Abyss, Renounce Religion


You were on level 1 of the Abyss.
You worshipped Lugonu.
Lugonu was aware of your devotion.
You were not hungry.

You visited 0 branches of the dungeon, and saw 0 of its levels.
You visited the Abyss 1 time.

Inventory:

Hand Weapons
 a - a +1 falchion (weapon)
Armour
 b - a +0 leather armour (worn)
Comestibles
 c - a bread ration


   Skills:
 + Level 3.2 Fighting
 + Level 1.7 Long Blades
 + Level 1.9 Armour
 + Level 1.0 Dodging
 + Level 2.4 Invocations


You couldn't memorise any spells.
You didn't know any spells.

Dungeon Overview and Level Annotations

Branches:
Dungeon (0/15)

Altars:


Innate Abilities, Weirdness & Mutations

Armour fits poorly on your strangely shaped body.
You are frail. (-10% HP)
You are sometimes teleported next to monsters.
Potions are less effective at restoring your health.
You expend magic power (3 MP) to strengthen your wands.


Message History

Your urge to shout disappears.
The iron imp lashes its tail.
The iron imp disappears in a puff of smoke!
Found a sapphire potion.
The neqoxec gestures at you.
Something tries to feed on your intellect!
The neqoxec gestures at you.
Something tries to feed on your intellect!
Found 27 sling bullets.
A neqoxec comes into view.
The neqoxec misses you.
You riposte.
You closely miss the neqoxec. The neqoxec hits you!
Ouch! That really hurt!
The neqoxec gestures.
The ufetubus hits you.
* * * LOW HITPOINT WARNING * * *
The ufetubus misses you.
The neqoxec gestures.
The ufetubus hits you.
You die...

## ## ##. #.#####..
##. ... .# ..###..
#.##.##
.......##.#...# #
##@5...#.#.# .
#....35.....#..
##.##.##.#.....
.........#...###
#.#...#.... #... ###
########.(...#####.##
...#....# ###... #
..#.###.##..#. . #.
.###.####...3..#


You could see a neqoxec, an iron imp and an ufetubus.

Vanquished Creatures
  An ufetubus (Abyss:1)
1 creature vanquished.

Notes
Turn   | Place    | Note
-------+----------+-------------------------------------------
     0 | Abyss:1  | Ansu the Demonspawn Abyssal Knight began the quest for the Orb.
     0 | Abyss:1  | Reached XP level 1. HP: 18/18 MP: 2/2
    54 | Abyss:1  | Found a corrupted altar of Lugonu.
   140 | Abyss:1  | Reached skill level 1 in Dodging
   252 | Abyss:1  | Noticed a neqoxec
   278 | Abyss:1  | Gained mutation: Potions are less effective at restoring your health. [a neqoxec]
   286 | Abyss:1  | Gained mutation: You are occasionally teleported next to monsters. [a neqoxec]
   288 | Abyss:1  | Gained mutation: You expend magic power (3 MP) to strengthen your wands. [a neqoxec]
   304 | Abyss:1  | Gained mutation: You are frail. (-10% HP) [a neqoxec]
   317 | Abyss:1  | Noticed a large abomination
   327 | Abyss:1  | Noticed an iron imp
   329 | Abyss:1  | Noticed an iron imp
   329 | Abyss:1  | Gained mutation: Armour fits poorly on your strangely shaped body. [a neqoxec]
   353 | Abyss:1  | Gained mutation: You are sometimes teleported next to monsters. [a neqoxec]
   355 | Abyss:1  | Gained mutation: You occasionally shout uncontrollably at your foes. [a neqoxec]
   362 | Abyss:1  | Lost mutation: You occasionally shout uncontrollably at your foes. [a neqoxec]
   380 | Abyss:1  | Noticed a neqoxec
   387 | Abyss:1  | Noticed an iron imp
   389 | Abyss:1  | Slain by an ufetubus

Skill      XL: |  1 |
---------------+----+-----
Dodging        | 1 |  1.0
Fighting       | |  3.2
Long Blades    | |  1.7
Armour         | |  1.9
Invocations    | |  2.4

Action                   || total
-------------------------++-------
Melee: Falchion          ||     2
Armor: Leather armour    ||     2
Dodge: Dodged            ||     8
       Rpst.: Falchion   ||     2
